 Dungeon Crawl Stone Soup version 0.31-a0-210-gccc998df9b (webtiles) character file.

Game seed: 17391378553216250147

158043 ragingrage the Marksant (level 18, -1/146 HPs)
             Began as a Formicid Artificer on June 29, 2023.
             Was the Champion of Fedhas.
             Slain by a nagaraja
             ... wielding a +0 halberd
              (18 damage)
             ... on level 4 of the Snake Pit.
             The game lasted 00:50:39 (32657 turns).

ragingrage the Marksant (Formicid Artificer)       Turns: 32657, Time: 00:50:40

Health: -1/146     AC: 12    Str: 18    XL:     18   Next: 33%
Magic:  28/28      EV: 20    Int: 16    God:    Fedhas [******]
Gold:   218        SH:  8    Dex: 18    Spells: 13/19 levels left

rFire   + . .        a - +5 orcbow (drain)
rCold   . . .        g - +0 buckler
rNeg    + . .        q - +0 troll leather armour
rPois   +            (helmet unavailable)
rElec   .            k - +2 cloak
rCorr   .            n - +2 pair of gloves
SInv    +            Q - +0 pair of boots of the Lair of Beasts {Fly rN+ Int+4 Dex-2}
Will    ++...        O - amulet of regeneration
Stlth   ++           K - +5 ring of evasion
HPRegen 2.04/turn    H - ring "Quagefomm" {Fly rPois rF+ Slay+5}
MPRegen 0.21/turn

%: no passive effects
@: flying, constricted, studying Evocations, unable to read
A: permanent stasis, dig shafts and tunnels, antennae 3, four strong arms,
strong-willed 1, poison resistance, inability to read after injury 1
a: Dig, Shaft Self, Renounce Religion, Wall of Briars, Grow Ballistomycete,
Overgrow, Grow Oklob


You were on level 4 of the Snake Pit.
You worshipped Fedhas.
Fedhas was exalted by your worship.
You visited 4 branches of the dungeon, and saw 26 of its levels.
You also visited: Sewer and Gauntlet.

You collected 2364 gold pieces.
You spent 2146 gold pieces at shops.

Inventory:

Hand Weapons
 a - a +5 orcbow of draining (weapon)
Missiles
 N - 8 curare-tipped darts
 U - 2 throwing nets
Armour
 g - a +0 buckler (worn)
 k - a +2 cloak (worn)
 n - a +2 pair of gloves (worn)
 p - a +0 kite shield
 q - a +0 troll leather armour (worn)
 M - the +4 leather armour "Ysagorgh" {+Inv rC+ MP+9 Int+2}
   (You took it off a minotaur in a Gauntlet)

   Int:       It affects your intelligence (+2).
   rC:        It protects you from cold.
   MP:        It affects your magic capacity (+9).
   +Inv:      It lets you turn invisible.
 Q - the +0 pair of boots of the Lair of Beasts (worn) {Fly rN+ Int+4 Dex-2}
   (You found it in a Gauntlet)

   Int:       It affects your intelligence (+4).
   Dex:       It affects your dexterity (-2).
   rN:        It protects you from negative energy.
   Fly:       It grants you flight.
 V - a +3 ring mail of fire resistance
Jewellery
 s - a ring of ice
 G - the ring of Wiovosmi {rCorr Str+6}
   (You found it in a Gauntlet)

   [ring of strength]

   Str:       It affects your strength (+6).
   rCorr:     It protects you from acid and corrosion.
 H - the ring "Quagefomm" (right hand) {Fly rPois rF+ Slay+5}
   (You found it on level 4 of the Lair of Beasts)

   [ring of flight]

   Slay:      It affects your accuracy & damage with ranged weapons and melee
   (+5).
   rF:        It protects you from fire.
   rPois:     It protects you from poison.
   Fly:       It grants you flight.
 K - a +5 ring of evasion (left hand)
 O - an amulet of regeneration (around neck)
 S - a ring of flight
Wands
 c - a wand of flame (36)
 e - a wand of iceblast (15)
 m - a wand of paralysis (11)
 t - a wand of light (3)
 C - a wand of digging (12)
 Z - a wand of polymorph (12)
Scrolls
 i - 11 scrolls of fear
 r - 8 scrolls of vulnerability
 w - a scroll of summoning
 x - 2 scrolls of immolation
 y - 2 scrolls of brand weapon {unknown}
 z - 4 scrolls of poison
 B - 2 scrolls of fog
 E - 3 scrolls of revelation
 J - 3 scrolls of identify
 P - 6 scrolls of enchant weapon
 Y - a scroll of silence {unknown}
Potions
 f - 6 potions of mutation
 l - 4 potions of attraction
 o - 5 potions of heal wounds
 u - 5 potions of lignification
 v - 2 potions of brilliance
 A - 5 potions of resistance
 D - 3 potions of ambrosia
 F - 2 potions of magic {unknown}
 I - 3 potions of enlightenment
 L - 3 potions of curing
 W - 2 potions of invisibility
 X - 5 potions of might
Miscellaneous
 b - a phantom mirror
 d - a piece from Xom's chessboard (15/15)
 h - a condenser vane (inert)
 j - a sack of spiders (inert)
 R - a phial of floods
 T - a lightning rod (4/4)


   Skills:
 - Level 14.0 Fighting
 - Level 16.1 Ranged Weapons
 - Level 4.0 Armour
 + Level 10.8 Dodging
 - Level 3.0 Stealth
 + Level 12.6 Shields
 - Level 1.0 Spellcasting
 + Level 5.1 Transmutations
 - Level 4.0 Earth Magic
 - Level 11.0 Poison Magic
 - Level 14.0 Invocations
 + Level 13.1 Evocations


You had 13 spell levels left.
You knew the following spells:

 Your Spells              Type           Power      Damage    Failure   Level
a - Olgreb's Toxic Radia  Pois           36%        N/A       3%          4
b - Passwall              Tmut/Erth      12%        N/A       8%          2

Your spell library contained the following spells:

 Spells                   Type           Power      Damage    Failure   Level
 Sting                    Tmut/Pois      100%       1d8       1%          1
 Poisonous Vapours        Pois/Air       36%        N/A       4%          2
 Sandblast                Erth           26%        2d8       6%          1
 Mephitic Cloud           Conj/Pois/Air  12%        N/A       22%         3
 Shock                    Conj/Air       0%         1d3       30%         1
 Summon Small Mammal      Summ           0%         N/A       30%         1
 Stone Arrow              Conj/Erth      14%        3d7       38%         3
 Static Discharge         Conj/Air       0%         2-2/arc   43%         2
 Call Canine Familiar     Summ           0%         N/A       67%         3
 Inner Flame              Hex/Fire       0%         N/A       67%         3
 Summon Guardian Golem    Hex/Summ       0%         N/A       67%         3
 Animate Armour           Summ/Erth      14%        N/A       80%         4
 Airstrike                Air            0%         2d(0-16)  97%         4
 Flame Wave               Conj/Fire      0%         2d4       97%         4
 Sticky Flame             Conj/Fire      0%         2d3       97%         4
 Summon Lightning Spire   Summ/Air       0%         N/A       97%         4
 Yara's Violent Unravell  Hex/Tmut       4%         3d4       97%         5
 Arcjolt                  Conj/Air       0%         1d10      100%        5
 Freezing Cloud           Conj/Ice/Air   0%         6-21      100%        5
 Silence                  Hex/Air        0%         N/A       100%        5
 Simulacrum               Ice/Necr       0%         N/A       100%        6
 Statue Form              Tmut/Erth      10%        N/A       100%        6
 Enfeeble                 Hex            0%         N/A       100%        7
 Ozocubu's Refrigeration  Ice            0%         4d7       100%        7
 Storm Form               Tmut/Air       4%         N/A       100%        7
 Lehudib's Crystal Spear  Conj/Erth      3%         10d3      100%        8
 Polar Vortex             Ice            0%         N/A       100%        9
 Shatter                  Erth           6%         3d9*      100%        9
 Swiftness                Air            Unusable   N/A       N/A         3
 Vhi's Electric Charge    Tloc/Air       Unusable   N/A       N/A         3

Dungeon Overview and Level Annotations

Branches:
Dungeon (15/15)            Temple (0/1) D:7            Lair (5/5) D:8
  Swamp (0/4) Lair:2        Snake (4/4) Lair:3        Slime (0/5) Lair:4
    Orc (2/2) D:10            Elf (0/3) Orc:2        Vaults (0/5) D:13
 Depths (0/4) D:15          Sewer (visited)         Gauntlet (visited)

Altars:
Ashenzari
Cheibriados
Elyvilon
Fedhas
Gozag
Hepliaklqana
Makhleb
Nemelex Xobeh
Okawaru
Qazlal
Ru
Trog
Uskayaw
Vehumet
Wu Jian
Xom
Zin
Jiyva

Shops:
D:6 *   D:8 :   D:13 *   Orc:2 [(!*(=   Snake:1 *==:   Snake:2 *[[:   Snake:4 :

Annotations:
D:3 2 transporters
D:9 1 runed translucent door
D:10 3 runed translucent doors, exclusion: downstairs, rabbitsville's ghost, journeyman HOFi; superbruh's ghost, journeyman MiBe
D:11 3 runed translucent doors, exclusion: gargoyle, Dylgear's ghost, journeyman FoFi
Lair:4 3 runed translucent doors
Snake:3 1 runed translucent door, Guoplah's ghost, adept HOFi


Innate Abilities, Weirdness & Mutations

You cannot be hasted, slowed, berserked, paralysed or teleported.
You can dig through walls and to a lower floor.
You have a pair of large antennae on your head. (SInv)
Your four strong arms can wield two-handed weapons with a shield.
You are strong-willed. (Will+)
Your system is resistant to poisons. (rPois)
You occasionally lose the ability to read scrolls when taking damage.


Message History

* * * LOW HITPOINT WARNING * * *
Aiming: Iceblast
Press: ? - help, Shift-Dir - straight line, f/p - nagaraja
Aim: a nagaraja, wielding a +0 halberd and wearing a +0 robe (flame, lightly wounded, concentrated venom, catching its breath)
Okay, then.
Fire: a) +5 orcbow (drain)
Press: ? - help, Q - select action, (/) - cycle Shift-Dir - straight line, f - guardian serpent, p - nagaraja
Aim: a guardian serpent (negative energy, severely wounded, lightly drained, 68% to hit)
You shoot an arrow. The arrow misses the guardian serpent.
The guardian serpent is engulfed in negative energy.
The guardian serpent completely misses you.
The guardian serpent is engulfed in negative energy.
The guardian serpent casts a spell at you.
The bolt of poison hits you. You resist.
* * * LOW HITPOINT WARNING * * *
Fire: a) +5 orcbow (drain)
Press: ? - help, Q - select action, (/) - cycle Shift-Dir - straight line, f/p - guardian serpent
Aim: a guardian serpent (negative energy, almost dead, heavily drained, 68% to hit)
You shoot an arrow.
The arrow closely misses the guardian serpent.
The naga mage hits you but does no damage.
The naga mage constricts you.
The guardian serpent is engulfed in negative energy.
You kill the guardian serpent!
Fedhas appreciates your contribution to the ecosystem.
The nagaraja is engulfed in blazing flames.
The nagaraja casts a spell at you. The bolt of poison hits you!
You are poisoned.
You resist.
* * * LOW HITPOINT WARNING * * *
You feel better.
Your attacks no longer feel as feeble.
The naga mage casts a spell.
The naga mage seems to speed up.
The naga mage constricts you.
* * * LOW HITPOINT WARNING * * *
The nagaraja is engulfed in blazing flames.
The nagaraja hits you with a +0 halberd!!
You die...
Fedhas appreciates your contribution to the ecosystem.

...##{ { .8.... {##..... ....####
.§.§⌠.. ####N..... .......##
#.§...# #.........
........#####§§... #......†..
............##)..# ##.........
............##...######..........
###..........8.§§8§...........)..
..#............NN§§..............
..#.....).....§§@§#####..........
'##.).).......§§§§# #..........
.'[).##.......§§§☼# #......##+#
.##)..#...........# +......#
.##.÷....###'##...#####......#
.##......#....#..............#
###....).#....#..............# #
#....[.#....#..............#
##......######....<...


You could see a nagaraja (curare, catching breath) and a naga mage (fast).

Vanquished Creatures
  Saint Roka (Snake:3)
  Frances (Snake:1)
  Roxanne (Snake:1)
  2 nagarajas (Snake:2)
  The ghost of Strat the Brawler, a journeyman TrBe of Trog (Lair:4)
  A minotaur (Gauntlet)
  An entropy weaver (shapeshifter) (D:15)
  Fannar (D:10)
  A rakshasa (D:14)
  3 hydras
  2 ice dragons (D:15)
  4 centaur warriors
  3 salamander tyrants
  6 anacondas
  4 ogre magi (Orc:2)
  3 boulder beetles
  Erica (Lair:2)
  4 catoblepae
  10 naga warriors
  A tengu warrior (D:15)
  15 two-headed ogres
  Urug (Lair:2)
  6 naga sharpshooters
  8 shock serpents
  12 death yaks
  An orc high priest (Orc:2)
  5 skysharks
  2 fire crabs (Gauntlet)
  2 salamander mystics
  5 naga ritualists
  An orc knight (D:13)
  10 ugly things
  3 deep elf pyromancers
  A harpy (shapeshifter) (D:13)
  7 mana vipers
  An orc sorcerer (Orc:2)
  2 manticores (Lair:5)
  11 salamanders
  4 guardian serpents
  3 cyclopes
  9 elephants (Lair:5)
  33 black mambas
  A torpor snail (Lair:3)
  15 naga magi
  6 cane toads
  7 komodo dragons
  6 kobold demonologists
  6 trolls
  2 polar bears
  3 meliai (D:14)
  A queen bee (Gauntlet)
  A hornet (D:7)
  18 dream sheep
  Grinder (D:5)
  13 blink frogs
  15 slime creatures
  4 wyverns
  2 shadows (D:12)
  5 wraiths (D:10)
  A spriggan (shapeshifter) (D:13)
  Sigmund (D:2)
  17 humans
  A ynoxinul (Gauntlet)
  67 yaks
  A fire bat (Gauntlet)
  12 vampire mosquitoes
  A vampire (D:9)
  5 hogs
  6 basilisks
  31 nagas
  A steam dragon (Lair:2)
  5 wargs
  17 water moccasins
  21 orc warriors
  3 ice beasts
  9 centaurs
  26 ogres
  15 wolves
  A phantom (D:5)
  4 kobold brigands
  5 gnoll sergeants
  8 bullfrogs
  A scorpion (D:5)
  10 killer bees
  7 howler monkeys
  7 electric eels
  2 jellies (D:5)
  5 hounds
  Crazy Yiuf (D:5)
  16 orc priests
  A gnoll bouda (D:6)
  Terence (D:2)
  7 iguanas
  12 orc wizards
  21 gnolls
  4 river rats
  11 adders
  A shadow imp (D:7)
  A white imp (D:8)
  An ufetubus (D:6)
  2 worms
  2 dart slugs
  71 orcs
  7 endoplasms
  2 giant cockroaches
  4 goblins
  5 hobgoblins
  A jackal (D:2)
  26 kobolds
  2 quokkas
  6 ball pythons
  A bat (D:1)
  6 frilled lizards
  17 rats
818 creatures vanquished.

Vanquished Creatures (collateral kills)
  Agnes (Snake:1)
  An anaconda (Snake:1)
  A naga warrior (Snake:1)
  3 two-headed ogres (Orc:2)
  A shock serpent (Snake:4)
  A naga ritualist (Snake:2)
  A mana viper (Snake:2)
  A salamander (Snake:2)
  3 black mambas
  A naga mage (Snake:2)
  A cane toad (Lair:1)
  7 fire bats (Gauntlet)
  A naga (Snake:1)
  2 hell hounds (Gauntlet)
  An ogre (Orc:2)
  A killer bee (D:7)
  An iron imp (Gauntlet)
  A river rat (D:4)
  An adder (D:4)
  A bat (D:1)
  2 endoplasms (D:1)
  A giant cockroach (D:4)
  2 ball pythons
  A kobold (D:1)
  16 ballistomycete spores
53 creatures vanquished.

Vanquished Creatures (others)
  A warg (D:10)
  3 killer bees
  A hound (D:5)
  A sleepcap (D:6)
  An adder (D:4)
  A jackal (D:2)
  2 quokkas (D:1)
  2 ballistomycete spores (D:10)
12 creatures vanquished.

Grand Total: 883 creatures vanquished

Notes
Turn   | Place    | Note
-------+----------+-------------------------------------------
     0 | D:1      | ragingrage the Formicid Artificer began the quest for the
                  | Orb.
     0 | D:1      | Reached XP level 1. HP: 15/15 MP: 1/1
   139 | D:1      | Reached XP level 2. HP: 21/21 MP: 2/2
   303 | D:1      | Reached XP level 3. HP: 25/27 MP: 3/3
   579 | D:1      | Found a faded altar of an unknown god.
  1185 | D:2      | Noticed Sigmund
  1262 | D:2      | Noticed Terence
  1322 | D:2      | Killed Terence
  1323 | D:2      | Reached XP level 4. HP: 10/34 MP: 4/4
  1548 | D:2      | Found a white marble altar of Elyvilon.
  1715 | D:2      | Became a worshipper of Elyvilon the Healer
  2116 | D:3      | Found a snail-covered altar of Cheibriados.
  2273 | D:3      | Reached * piety under Elyvilon
  2555 | D:3      | Reached XP level 5. HP: 38/40 MP: 5/5
  2563 | D:3      | Reached skill level 1 in Invocations
  2660 | D:3      | Found a transporter.
  2673 | D:3      | Identified the +7 spear "Omneni" {venom, rN+ rCorr Int+2}
  2785 | D:3      | Found a transporter.
  2957 | D:4      | Found a blossoming altar of Fedhas.
  2963 | D:4      | Fell from the grace of Elyvilon
  2963 | D:4      | Became a worshipper of Fedhas Madash
  3001 | D:4      | Found a glowing silver altar of Zin.
  3057 | D:4      | Found a glowing drain.
  3224 | D:4      | Reached XP level 6. HP: 32/47 MP: 7/7
  3284 | Sewer    | Entered a sewer
  3537 | Sewer    | Reached skill level 5 in Evocations
  3553 | Sewer    | Reached * piety under Fedhas
  3925 | D:4      | Noticed an ogre
  4065 | D:4      | Found a shimmering altar of Xom.
  4348 | D:5      | Entered Level 5 of the Dungeon
  4878 | D:5      | Reached skill level 1 in Ranged Weapons
  4878 | D:5      | Reached XP level 7. HP: 6/55 MP: 9/9
  5177 | D:5      | Reached skill level 2 in Ranged Weapons
  5213 | D:5      | Noticed Grinder
  5232 | D:5      | Killed Grinder
  5233 | D:5      | Reached skill level 4 in Ranged Weapons
  5439 | D:5      | Reached skill level 5 in Ranged Weapons
  5439 | D:5      | Reached XP level 8. HP: 49/61 MP: 10/10
  5524 | D:5      | HP: 3/61 [poisoned by a scorpion]
  5842 | D:5      | Found a runed translucent door.
  5843 | D:5      | Noticed Crazy Yiuf
  6100 | D:6      | Reached skill level 6 in Ranged Weapons
  6110 | D:6      | Reached ** piety under Fedhas
  6139 | D:6      | Reached skill level 7 in Ranged Weapons
  6165 | D:6      | Found a radiant altar of Vehumet.
  6223 | D:6      | Found Coufummi's General Store.
  6585 | D:6      | Reached skill level 8 in Ranged Weapons
  6585 | D:6      | Reached XP level 9. HP: 22/66 MP: 11/11
  6927 | D:6      | Found an iron altar of Okawaru.
  7197 | D:7      | Found a bloodstained altar of Trog.
  7230 | D:7      | Reached skill level 9 in Ranged Weapons
  7233 | D:7      | Reached *** piety under Fedhas
  7989 | D:7      | Reached skill level 10 in Ranged Weapons
  8079 | D:7      | Found a burning altar of Makhleb.
  8094 | D:7      | Found a sacrificial altar of Ru.
  8150 | D:7      | Noticed a hornet
  8159 | D:7      | Killed a hornet
  8260 | D:7      | Found a staircase to the Ecumenical Temple.
  8602 | D:2      | Killed Sigmund
  8603 | D:2      | Reached skill level 5 in Invocations
  8841 | D:4      | Reached XP level 10. HP: 73/73 MP: 13/13
  8913 | D:5      | Reached **** piety under Fedhas
  9029 | D:5      | Killed Crazy Yiuf
  9258 | D:8      | Found a sparkling altar of Nemelex Xobeh.
  9272 | D:8      | Reached skill level 11 in Ranged Weapons
  9310 | D:8      | Found a staircase to the Lair.
  9385 | D:8      | Found Woyghiv's Book Emporium.
  9603 | D:8      | Found a hide-covered altar of Uskayaw.
  9682 | D:8      | Found a hazy altar of Hepliaklqana.
  9857 | D:9      | Learned a level 4 spell: Olgreb's Toxic Radiance
  9885 | D:9      | Reached skill level 1 in Poison Magic
 10017 | D:9      | Found an ornate altar of the Wu Jian Council.
 10068 | D:9      | Noticed a two-headed ogre
 10096 | D:9      | Killed a two-headed ogre
 10097 | D:9      | Reached skill level 12 in Ranged Weapons
 10125 | Lair:1   | Entered Level 1 of the Lair of Beasts
 10169 | Lair:1   | Noticed a cane toad
 10179 | Lair:1   | Killed a cane toad
 10261 | Lair:1   | Noticed a komodo dragon
 10266 | Lair:1   | Noticed a cane toad
 10288 | Lair:1   | Killed a komodo dragon
 10444 | Lair:1   | Noticed a black mamba
 10534 | D:9      | Reached skill level 5 in Poison Magic
 10547 | D:8      | Reached XP level 11. HP: 23/78 MP: 15/15
 11278 | D:9      | Found a broken altar of Ashenzari.
 11279 | D:9      | Found an opulent altar of Gozag.
 11377 | D:9      | Noticed a fire dragon
 11377 | D:9      | Noticed a cyclops
 11377 | D:9      | Noticed a centaur warrior
 11377 | D:9      | Noticed a centaur warrior
 11377 | D:9      | Found a runed translucent door.
 11560 | D:9      | Reached skill level 1 in Shields
 11729 | D:9      | Reached skill level 13 in Ranged Weapons
 11938 | D:10     | Entered Level 10 of the Dungeon
 11974 | D:10     | Noticed Fannar
 11989 | D:10     | Reached ***** piety under Fedhas
 12320 | D:10     | Gained mutation: You occasionally lose the ability to read
                  | scrolls when taking damage. [potion of mutation]
 12320 | D:10     | Gained mutation: You have hidden genetic potential. [potion
                  | of mutation]
 12325 | D:10     | Killed Fannar
 12539 | D:10     | Found a staircase to the Orcish Mines.
 12863 | D:10     | Found a runed translucent gate.
 12863 | D:10     | Found a runed translucent gate.
 12868 | D:10     | Noticed rabbitsville's ghost (journeyman HOFi)
 12870 | D:10     | Found a runed translucent gate.
 12870 | D:10     | Noticed superbruh's ghost (journeyman MiBe)
 12947 | D:10     | Reached skill level 1 in Dodging
 13325 | D:11     | Noticed a cyclops
 13340 | D:10     | Reached skill level 14 in Ranged Weapons
 13798 | D:11     | Noticed a minotaur
 13798 | D:11     | Noticed a two-headed ogre
 13800 | D:11     | Noticed Dylgear's ghost (journeyman FoFi)
 14048 | Lair:1   | Reached XP level 12. HP: 64/84 MP: 5/16
 14481 | Lair:1   | Noticed a boulder beetle
 14497 | Lair:1   | Killed a boulder beetle
 14638 | Lair:1   | Gained mutation: You are strong-willed. (Will+) [hidden
                  | potential]
 15171 | Lair:2   | Found a gate leading to a gauntlet.
 15180 | Gauntlet | Entered a Gauntlet
 15180 | Gauntlet | Found a transporter.
 15188 | Gauntlet | Found a transporter.
 15191 | Gauntlet | Found a transporter.
 15192 | Gauntlet | Found a transporter.
 15194 | Gauntlet | Noticed a fire crab
 15200 | Gauntlet | Found a transporter.
 15203 | Gauntlet | Found a transporter.
 15204 | Gauntlet | Found a transporter.
 15208 | Gauntlet | Found a runed translucent door.
 15211 | Gauntlet | Found a runed translucent door.
 15213 | Gauntlet | Found a transporter.
 15216 | Gauntlet | Found a transporter.
 15217 | Gauntlet | Found a transporter.
 15221 | Gauntlet | Noticed a fire crab
 15226 | Gauntlet | Found a transporter.
 15228 | Gauntlet | Found a transporter.
 15229 | Gauntlet | Found a transporter.
 15232 | Gauntlet | Noticed a death yak
 15232 | Gauntlet | Noticed a death yak
 15233 | Gauntlet | Noticed a death yak
 15234 | Gauntlet | Noticed a death yak
 15235 | Gauntlet | Found a runed translucent gate.
 15235 | Gauntlet | Found a runed translucent gate.
 15235 | Gauntlet | Found a runed translucent gate.
 15237 | Gauntlet | Found a transporter.
 15383 | Gauntlet | Killed a fire crab
 15384 | Gauntlet | Reached skill level 5 in Dodging
 15482 | Gauntlet | Killed a fire crab
 15498 | Gauntlet | Identified the ring of Wiovosmi {rCorr Str+6}
 15537 | Gauntlet | Found the +3 hat of Pondering {ponderous, Will+ MP+10
                  | Int+5}
 15537 | Gauntlet | Identified the +4 leather armour "Ysagorgh" {+Inv rC+ MP+9
                  | Int+2}
 15537 | Gauntlet | Noticed a minotaur
 15544 | Gauntlet | Killed a minotaur
 15606 | Gauntlet | Identified the +0 pair of boots of the Lair of Beasts {Fly
                  | rN+ Int+4 Dex-2}
 15823 | Lair:2   | Found a staircase to the Swamp.
 15969 | Lair:2   | Noticed a skyshark
 15982 | Lair:2   | Killed a skyshark
 15983 | Lair:2   | Reached XP level 13. HP: 79/90 MP: 12/19
 16144 | Lair:2   | Reached skill level 15 in Ranged Weapons
 16238 | Lair:2   | Gained mutation: Your system is resistant to poisons.
                  | (rPois) [hidden potential]
 16238 | Lair:2   | Lost mutation: You have hidden genetic potential. [hidden
                  | potential expressed]
 16253 | Lair:2   | Noticed Urug
 16263 | Lair:2   | Killed Urug
 16554 | Lair:2   | Noticed Erica
 16564 | Lair:2   | Killed Erica
 16790 | Lair:3   | Noticed a catoblepas
 16797 | Lair:3   | Killed a catoblepas
 16853 | Lair:3   | Reached skill level 16 in Ranged Weapons
 17085 | Lair:3   | Reached skill level 10 in Poison Magic
 17312 | Lair:3   | Found a staircase to the Snake Pit.
 17323 | Lair:3   | Reached skill level 10 in Invocations
 17480 | Lair:3   | Reached XP level 14. HP: 93/93 MP: 14/22
 18127 | Lair:4   | Found a runed translucent gate.
 18184 | Lair:4   | Found a runed translucent gate.
 18184 | Lair:4   | Noticed Strat's ghost (journeyman TrBe)
 18192 | Lair:4   | Found a runed translucent gate.
 18388 | Lair:4   | Reached ****** piety under Fedhas
 18588 | Lair:4   | Found a viscous altar of Jiyva.
 18588 | Lair:4   | Found a staircase to the Slime Pits.
 19053 | Lair:5   | Entered Level 5 of the Lair of Beasts
 19451 | Lair:5   | Reached skill level 5 in Fighting
 19451 | Lair:5   | Reached skill level 1 in Spellcasting
 20684 | Lair:5   | Reached XP level 15. HP: 95/110 MP: 15/25
 21396 | Orc:1    | Entered Level 1 of the Orcish Mines
 21913 | Orc:2    | Entered Level 2 of the Orcish Mines
 21947 | Orc:2    | Found Hienteis's Jewellery Shop.
 22186 | Orc:2    | Found a staircase to the Elven Halls.
 22305 | Orc:2    | Reached skill level 10 in Fighting
 22346 | Orc:2    | Reached skill level 5 in Shields
 22463 | Orc:2    | Found Babba's Weapon Shoppe.
 22554 | Orc:2    | Found a radiant altar of Vehumet.
 22713 | Orc:2    | Found Loris's Distillery.
 22713 | Orc:2    | Found Leywetass's General Store.
 22714 | Orc:2    | Found Hanugew's Antique Armour Shoppe.
 22714 | Orc:2    | Found Vuoles's Weapon Boutique.
 22745 | Orc:2    | Bought a potion of invisibility for 80 gold pieces
 22745 | Orc:2    | Bought a potion of curing for 30 gold pieces
 22746 | Orc:2    | Bought a condenser vane for 480 gold pieces
 22746 | Orc:2    | Bought a phantom mirror for 480 gold pieces
 22746 | Orc:2    | Bought a throwing net for 36 gold pieces
 23123 | D:11     | Found a stormy altar of Qazlal.
 23135 | D:11     | Found a runed translucent gate.
 23135 | D:11     | Found a runed translucent gate.
 23249 | D:11     | Found a runed translucent gate.
 24247 | Lair:4   | Killed Strat's ghost
 24278 | Lair:4   | Identified the ring "Quagefomm" {Fly rPois rF+ Slay+5}
 24766 | D:12     | Got Jimijish's Grimoire of the Sky
 25292 | D:13     | Noticed Nessos
 25292 | D:13     | Found a gate to the Vaults.
 25304 | D:12     | Reached XP level 16. HP: 112/125 MP: 18/26
 25390 | D:13     | Nessos changed into Nessos the glowing shapeshifter
 25390 | D:13     | Noticed Nessos
 25391 | D:13     | Nessos the glowing shapeshifter changed into Nessos the
                  | wolf spider
 25391 | D:13     | Noticed Nessos (glowing shapeshifter)
 25393 | D:13     | Nessos the wolf spider changed into Nessos the glowing
                  | orange brain
 25393 | D:13     | Noticed Nessos (glowing shapeshifter)
 25394 | D:13     | Nessos the glowing orange brain changed into Nessos the
                  | skyshark
 25394 | D:13     | Noticed Nessos (glowing shapeshifter)
 25399 | D:13     | Nessos the skyshark changed into Nessos the shock serpent
 25399 | D:13     | Noticed Nessos (glowing shapeshifter)
 25400 | D:13     | Nessos the shock serpent changed into Nessos the mana viper
 25400 | D:13     | Noticed Nessos (glowing shapeshifter)
 25401 | D:13     | Nessos the mana viper changed into Nessos the unseen horror
 25401 | D:13     | Noticed Nessos (glowing shapeshifter)
 25403 | D:13     | Nessos the unseen horror changed into Nessos the harpy
 25403 | D:13     | Noticed Nessos (glowing shapeshifter)
 25405 | D:13     | Killed Nessos the harpy
 26039 | D:13     | Reached skill level 10 in Evocations
 26084 | D:13     | Found Zeqonn's Assorted Antiques.
 27394 | D:14     | Found a hide-covered altar of Uskayaw.
 27489 | D:15     | Entered Level 15 of the Dungeon
 28181 | D:15     | Found a staircase to the Depths.
 28557 | Snake:1  | Entered Level 1 of the Snake Pit
 28583 | Snake:1  | Noticed Frances
 28611 | Snake:1  | Killed Frances
 28629 | Snake:1  | Noticed Agnes
 29035 | Snake:1  | Found Faiqasol's General Store.
 29094 | Snake:1  | HP: 5/125 [Agnes/+1 lajatang of electrocution (11)]
 29094 | Snake:1  | HP: 1/125 [anaconda (4)]
 29095 | Snake:1  | Killed Agnes
 29097 | Snake:1  | Reached skill level 10 in Shields
 29255 | Snake:1  | Identified the +4 plate armour "Potefeck" {Dex+3}
 29437 | Snake:1  | Reached XP level 17. HP: 135/135 MP: 27/27
 29515 | Snake:1  | Found Cempan's Book Emporium.
 29515 | Snake:1  | Found Sepir's Jewellery Shop.
 29526 | Snake:1  | Found Hev Xan's Jewellery Shop.
 29672 | Snake:1  | Identified Roxanne's Vellum of Scree
 29672 | Snake:1  | Noticed Roxanne
 29709 | Snake:1  | Killed Roxanne
 29721 | Snake:1  | Learned a level 2 spell: Passwall
 29940 | Snake:2  | Reached skill level 1 in Earth Magic
 29972 | Snake:2  | Reached skill level 1 in Transmutations
 30223 | Snake:2  | Found Acezob's Mayhem Merchandise.
 30301 | Snake:2  | Found Tiysiemi's Armour Boutique.
 30304 | Snake:2  | Found Neckapraunk's Antique Armour Shop.
 30306 | Snake:2  | Found Xeackau's Book Boutique.
 30473 | Snake:2  | Reached skill level 10 in Dodging
 31073 | Snake:3  | Found a runed translucent door.
 31074 | Snake:3  | Noticed Guoplah's ghost (adept HOFi)
 31757 | Snake:3  | Noticed Saint Roka
 31782 | Snake:3  | Killed Saint Roka
 32080 | Snake:3  | Reached XP level 18. HP: 145/145 MP: 26/28
 32176 | Snake:4  | Entered Level 4 of the Snake Pit
 32202 | Snake:4  | Found Nalunori's Vocational Training.
 32234 | Snake:4  | Bought a manual of Evocations for 1040 gold pieces
 32651 | Snake:4  | Reached skill level 5 in Transmutations
 32657 | Snake:4  | Slain by a nagaraja

Illustrated notes

Levels and vault maps discovered:
D:1:      minmay_arrival_hallway, layout_rooms,
          dreamdust_ecumenical_altar_hidden_monk_grotto, minmay_bisected
D:2:      layout_basic, basic_altar, uniq_sigmund, uniq_terence
D:3:      minmay_general_purpose_star, layout_rooms,
          lemuel_coloured_pillars_altar, gammafunk_ghost_gnarly_gnolls
D:4:      layout_basic, nicolae_overflow_crystal_walls,
          mainiacjoe_overflow_alcove_1, zin_scriptorium, portal_sewer_entry_a,
          minmay_misc_feat_tower
D:5:      kennysheep_six_static_rooms, layout_basic, uniq_grinder,
          uniq_crazy_yiuf_cottage
D:6:      layout_loops_ring, hellmonk_okawaru_the_only_friend_you_need,
          nicolae_vehumet_altar_sigil, serial_shops, nicolae_inconvenience_store
D:7:      layout_rooms, nicolae_ru_sacrificial_ziggurat, lightli_temple_of_fire,
          bloody_trog, minmay_temple_entry_butterflies,
          dreamdust_mushroom_princess
D:8:      layout_gridville, kennysheep_mini_moat, mainiacjoe_overflow_brackets,
          nicolae_uskayaw_murder_on_the_dancefloor, lair_entry_dummy,
          serial_shops, nicolae_shop_window_shopping
D:9:      layout_gridville, overflow_temple_1_default,
          mainiacjoe_overflow_catwalk_spiral, minivault_13
D:10:     layout_rooms, minmay_orc_entry_guard_dogs, gammafunk_ghost_cemetery,
          hex_intersection, uniq_fannar
D:11:     layout_layer_cave, maelrawn_ghost_gauntlet_escape,
          minmay_misc_feat_pillars, grunt_livestock, grunt_qazlal_clouds
D:12:     layout_long_grid
D:13:     layout_cave_pods, david_vaults_3, serial_shops, kennysheep_mini
D:14:     layout_roguey, lemuel_round_altar
D:15:     grunt_enter_depths_hoard, layout_basic, fountainhead
Lair:1:   layout_loops_ring, grunt_megastairs_2
Lair:2:   layout_loops_ring, minmay_swamp_entry_eels, gauntlet_entry_generic,
          infiniplex_staircase_pool_2, uniq_erica, uniq_urug
Lair:3:   layout_roguey, guppyfry_snake_entry_island, infiniplex_staircase_pool,
          grunt_megastairs_4
Lair:4:   layout_layer_cave, slime_entry_1, gammafunk_ghost_split,
          grunt_forest_stairs_basic
Lair:5:   evilmike_catoblepas_cave, layout_big_grid, nicolae_lair_grazing_beasts
          [nicolae_sub_lair_graze_edge, nicolae_sub_lair_graze_edge,
          nicolae_sub_lair_graze_edge, nicolae_sub_lair_graze_edge]
Snake:1:  layout_onion, serial_shops, shop, nicolae_large_snake_swirl,
          minmay_shop_grove, uniq_roxanne, uniq_agnes, uniq_frances
Snake:2:  layout_misc_corridors, minmay_shop_mayhem, minmay_shop_star,
          grunt_megastairs_1
Snake:3:  layout_chambers, gammafunk_ghost_grave, uniq_saint_roka
Snake:4:  hellmonk_snake_rune_quicksilver_temple, layout_cave_town,
          nicolae_shop_vocational, uniq_kirke
Orc:1:    layout_caves, basic_altar
Orc:2:    st_orc_ogre_mass, layout_caves, serial_shops, nicolae_shop_crystal,
          shop, basic_altar

Skill      XL: |  1  2  3  4  5  6  7  8  9 10 11 12 13 14 15 16 17 18 |
---------------+-------------------------------------------------------+-----
Stealth        | 2 3 |  3.0
Fighting       | 2 3 4 7 11 12 13 14 | 14.0
Evocations     | 4 5 7 9 11 12 13 | 13.1
Invocations    | 2 3 5 6 9 10 13 14 | 14.0
Ranged Weapons | 1 5 8 10 12 14 16 | 16.1
Poison Magic   | 5 8 9 10 11 | 11.0
Shields        | 4 7 10 12 | 12.6
Dodging        | 2 6 7 9 10 | 10.8
Armour         | 3 4 |  4.0
Spellcasting   | 1 |  1.0
Earth Magic    | 4 |  4.0
Transmutations | 4 5 |  5.1

Action                     |  1- 3 |  4- 6 |  7- 9 | 10-12 | 13-15 | 16-18 || total
---------------------------+-------+-------+-------+-------+-------+-------++-------
  Melee: Dagger            |    42 |     2 |     9 |     6 |       |       ||    59
         Club              |     5 |       |       |       |       |       ||     5
         Punch             |     1 |     2 |       |       |       |       ||     3
         Short sword       |    81 |     6 |       |       |       |       ||    87
         Trident           |       |    29 |       |       |       |       ||    29
         Morningstar       |       |   152 |       |       |       |       ||   152
         Shortbow          |       |       |     1 |       |       |       ||     1
   Fire: Shortbow          |       |    10 |   280 |   739 |       |       ||  1029
         Orcbow            |       |       |       |    78 |  1046 |  1088 ||  2212
  Throw: Dart              |       |    15 |     6 |     9 |       |       ||    30
         Throwing net      |       |       |       |     1 |       |       ||     1
   Cast: Olgreb's Toxic Ra |       |       |       |    11 |   121 |    39 ||   171
 Invoke: Wall of Briars    |       |       |       |     2 |       |       ||     2
         Grow Ballistomyce |       |       |       |     1 |       |     1 ||     2
         Overgrow          |       |       |       |     3 |     2 |     1 ||     6
Ability: Dig               |       |     1 |       |       |     5 |     3 ||     9
  Evoke: Wand              |    11 |     7 |    11 |    15 |       |     2 ||    46
         Lightning rod     |       |       |       |       |     3 |       ||     3
         Condenser vane    |       |       |       |       |     1 |     1 ||     2
         Phial of floods   |       |       |       |       |       |     1 ||     1
         Phantom mirror    |       |       |       |       |       |     1 ||     1
    Use: Scroll            |       |       |     8 |    10 |     8 |     3 ||    29
         Potion            |       |       |       |     1 |       |     8 ||     9
   Stab: Sleeping          |     6 |     8 |       |       |       |       ||    14
         Paralysed         |       |       |     9 |     6 |       |       ||    15
 Armour: Leather armour    |    22 |    63 |    21 |       |       |       ||   106
         Ring mail         |       |       |       |    25 |    10 |       ||    35
         Troll leather arm |       |       |       |    43 |    73 |    63 ||   179
  Dodge: Dodged            |    73 |   152 |   104 |   228 |   282 |   318 ||  1157
  Block: Buckler           |       |       |       |    67 |    74 |   124 ||   265

Table legend: (Time is in decaauts)
 A = Elapsed time spent in this place.
 B = Non-inter-level travel time spent in this place.
 C = Inter-level travel time spent in this place.
 D = Time resting spent in this place.
 E = Time spent auto-exploring this place.
 F = Levels seen in this place.
 G = Mean time per level.
                   A        B        C        D        E       F      G
               +--------+--------+--------+--------+--------+-----+--------+
         Total |  32203 |  29668 |   2535 |   7012 |  16375 |  28 | 1150.1 |
       Dungeon |  18092 |  16332 |   1760 |   4274 |   8745 |  15 | 1206.1 |
          Lair |   7577 |   6935 |    642 |   1658 |   4074 |   5 | 1515.4 |
     Snake Pit |   3911 |   3853 |     58 |    642 |   2302 |   4 |  977.8 |
  Orcish Mines |   1497 |   1424 |     73 |    165 |    890 |   2 |  748.5 |
         Sewer |    688 |    688 |      0 |    170 |    255 |   1 |  688.0 |
      Gauntlet |    435 |    435 |      0 |    102 |    109 |   1 |  435.0 |
               +--------+--------+--------+--------+--------+-----+--------+

Top non-repeatable levels by time:
     D:5: 1862 daAuts
  Lair:5: 1765 daAuts
  Lair:4: 1698 daAuts
  Lair:1: 1611 daAuts
    D:11: 1545 daAuts
    D:10: 1491 daAuts
     D:9: 1457 daAuts
     D:8: 1442 daAuts
     D:2: 1414 daAuts
  Lair:2: 1413 daAuts
     D:6: 1325 daAuts
 Snake:1: 1317 daAuts
 Snake:3: 1312 daAuts
     D:7: 1249 daAuts
    D:14: 1138 daAuts
